 Dungeon Crawl Stone Soup version 0.30.1-4-g462c640d31 (webtiles) character file.

Game seed: 2176837833196874827

78 Bobit the Magician (level 4, -3/38 HPs)
             Began as a Gnoll Wanderer on Aug 11, 2023.
             Succumbed to Crazy Yiuf's poison
             ... on level 3 of the Dungeon.
             The game lasted 00:06:19 (1896 turns).

Bobit the Magician (Gnoll Wanderer)                 Turns: 1896, Time: 00:06:19

Health: -3/38      AC:  2    Str:  8    XL:     4   Next: 36%
Magic:  10/13      EV: 18    Int: 21    God:
Gold:   144        SH:  0    Dex: 18    Spells: 13/17 levels left

rFire   . . .        a - melded +0 dagger
rCold   . . .        e - melded +2 buckler
rNeg    . . .        d - melded +0 robe
rPois   x            (helmet currently unavailable)
rElec   .            b - melded +0 cloak
rCorr   +            (gloves currently unavailable)
SInv    .            (boots currently unavailable)
Will    .....        (no amulet)
Stlth   +++          f - +6 ring of intelligence
HPRegen 0.26/turn    l - ring of resist corrosion
MPRegen 0.13/turn

%: no passive effects
@: lethally poisoned (-3 -> -20), spider-form (expiring), attractive, invisible
A: venomous fangs, tiny, (fangs 1), strong nose, distributed training
a: End Transformation


You were on level 3 of the Dungeon.
You were a venomous arachnid creature.
You visited 1 branch of the dungeon, and saw 3 of its levels.

You collected 144 gold pieces.

Inventory:

Hand Weapons
 a - a +0 dagger (melded)
Armour
 b - a +0 cloak (melded)
 d - a +0 robe (melded)
 e - a +2 buckler (melded)
Jewellery
 f - a +6 ring of intelligence (left front pincers)
 l - a ring of resist corrosion (right front pincers)
Scrolls
 c - a scroll of fog
 h - a scroll of identify
 i - 3 scrolls of enchant weapon {unknown}
 j - a scroll of poison {unknown}
 m - 3 scrolls of teleportation {unknown}
 o - 2 scrolls of immolation {unknown}
Potions
 g - a potion of lignification {unknown}
 n - a potion of curing {unknown}
 p - 2 potions of might


   Skills:
 + Level 4.6 Fighting
 + Level 1.2 Short Blades
 + Level 1.2 Long Blades
 + Level 1.2 Axes
 + Level 1.2 Maces & Flails
 + Level 1.2 Polearms
 + Level 1.2 Staves
 + Level 1.2 Ranged Weapons
 + Level 1.2 Throwing
 + Level 1.2 Armour
 + Level 1.2 Dodging
 + Level 4.3 Stealth
 + Level 4.6 Shields
 + Level 1.2 Unarmed Combat
 + Level 7.2 Spellcasting
 + Level 1.0 Conjurations
 + Level 1.0 Hexes
 + Level 1.0 Summonings
 + Level 1.0 Necromancy
 + Level 1.0 Translocations
 + Level 1.0 Transmutations
 + Level 1.0 Fire Magic
 + Level 1.0 Ice Magic
 + Level 1.0 Air Magic
 + Level 1.0 Earth Magic
 + Level 1.0 Poison Magic
 + Level 1.3 Invocations
 + Level 2.8 Evocations


You had 13 spell levels left.
You knew the following spells:

 Your Spells              Type           Power      Damage    Failure   Level
a - Sting                 Tmut/Pois      44%        1d5       17%         1
b - Spider Form           Tmut/Pois      11%        N/A       36%         3

Your spell library contained the following spells:

 Spells                   Type           Power      Damage    Failure   Level


Dungeon Overview and Level Annotations

Branches:
Dungeon (3/15)

Altars:

Annotations:
D:2 Sigmund


Innate Abilities, Weirdness & Mutations

You are a venomous arachnid creature.
You have venomous fangs.
You are tiny and dextrous.
Your spellcasting is less reliable in this form.
Your armour is entirely melded.
You are incapable of wielding weapons or throwing items.
((You have very sharp teeth.))
Your uncanny sense of smell can sniff out nearby items.
Your experience applies equally to all skills.


Message History

It was a potion of heal wounds.
You feel much better. Crazy Yiuf barely misses you.
The sting hits Crazy Yiuf.
Crazy Yiuf is poisoned.
Crazy Yiuf is lightly wounded.
Crazy Yiuf zaps a wand.
The bolt of light hits you. Crazy Yiuf is attracted toward you.
Crazy Yiuf zaps a wand.
The bolt of light hits you! Crazy Yiuf is attracted toward you.
You already know all available spells.
Casting: Sting (safe; 9% risk of failure)
Confirm with . or Enter, or press ? or * to list all spells.
The spell is quite dangerous to miscast (26% risk of failure)!
Continue anyway?
Okay, then.
Casting: Spider Form (quite dangerous; 26% risk of failure)
Confirm with . or Enter, or press ? or * to list all spells.
The spell is quite dangerous to miscast (26% risk of failure)!
Continue anyway?
You turn into a venomous arachnid creature.
Your +0 dagger melds into your body.
Your +0 cloak melds into your body.
Your +2 buckler melds into your body.
Your +0 robe melds into your body.
Your transformation is almost over.
Crazy Yiuf zaps a wand.
The bolt of light misses you.
You hit Crazy Yiuf.
Crazy Yiuf looks even sicker.
Crazy Yiuf is moderately wounded.
Crazy Yiuf closely misses you.
You hit Crazy Yiuf.
Crazy Yiuf looks as sick as possible!
Crazy Yiuf is heavily wounded.
Crazy Yiuf grits, "Shadow!
Buddy ragdoll blue."
Crazy Yiuf hits you with a +4 quarterstaff of chaos!
* * * LOW HITPOINT WARNING * * *
You are lethally poisoned!
You hit Crazy Yiuf.
Crazy Yiuf looks as sick as possible!
Crazy Yiuf is almost dead.
* * * LOW HITPOINT WARNING * * *
You feel very sick.
Crazy Yiuf whimpers, "Flower!
Two agre broken."
Crazy Yiuf hits you with a +4 quarterstaff of chaos.
* * * LOW HITPOINT WARNING * * *
You hit Crazy Yiuf.
You kill Crazy Yiuf!
You die...

##...#.......♣♣♣♣g'...#
###########.##.#......♣..♣#...#
.........##.##.##....♣.♣♣♣ ###
#..#####.##......##♣♣♣♣♣
#..#####.#######.# ......##.#
#.####### #### #..##(##.#
#.#...#.# #... ...##.##.#
#)##....# #.## ##.......#
#s#...#.# #####... ####.####
#.#...#.# #....... #.# #.......#
#.###... #####.# ###...###
#.##.... ...##.# #...#####.......
......# #######...............
...##.# ##..<..................
...##.#####.................###..
............................# #..


There were no monsters in sight!

Vanquished Creatures
  Crazy Yiuf (D:3)
  4 adders
  4 orcs (D:3)
  5 ball pythons
  2 bats (D:1)
  An endoplasm (D:3)
  5 goblins
  3 hobgoblins (D:1)
  3 kobolds
  2 quokkas (D:3)
  3 frilled lizards
  5 rats
38 creatures vanquished.

Notes
Turn   | Place    | Note
-------+----------+-------------------------------------------
     0 | D:1      | Bobit the Gnoll Wanderer began the quest for the Orb.
     0 | D:1      | Bobit set off with the following items: a +0 dagger, a +0
                  | cloak, a scroll of fog, a +0 robe, a +2 buckler; and the
                  | following spell memorised: Sting; and the following spells
                  | available to memorise: Spider Form.
     0 | D:1      | Reached XP level 1. HP: 20/20 MP: 8/8
   153 | D:1      | Reached XP level 2. HP: 26/26 MP: 8/10
   764 | D:2      | Reached XP level 3. HP: 22/31 MP: 7/11
   837 | D:2      | Reached skill level 1 in Invocations
   946 | D:2      | Noticed Sigmund
   960 | D:2      | Learned a level 3 spell: Spider Form
  1017 | D:3      | Reached skill level 1 in Short Blades
  1017 | D:3      | Reached skill level 1 in Long Blades
  1017 | D:3      | Reached skill level 1 in Axes
  1017 | D:3      | Reached skill level 1 in Maces & Flails
  1017 | D:3      | Reached skill level 1 in Polearms
  1017 | D:3      | Reached skill level 1 in Staves
  1017 | D:3      | Reached skill level 1 in Ranged Weapons
  1017 | D:3      | Reached skill level 1 in Throwing
  1017 | D:3      | Reached skill level 1 in Armour
  1017 | D:3      | Reached skill level 1 in Dodging
  1017 | D:3      | Reached skill level 1 in Unarmed Combat
  1126 | D:3      | Reached XP level 4. HP: 14/38 MP: 13/13
  1380 | D:3      | Found a runed translucent door.
  1381 | D:3      | Noticed Crazy Yiuf
  1796 | D:3      | Reached skill level 1 in Conjurations
  1796 | D:3      | Reached skill level 1 in Hexes
  1796 | D:3      | Reached skill level 1 in Summonings
  1796 | D:3      | Reached skill level 1 in Necromancy
  1796 | D:3      | Reached skill level 1 in Translocations
  1796 | D:3      | Reached skill level 1 in Transmutations
  1796 | D:3      | Reached skill level 1 in Fire Magic
  1796 | D:3      | Reached skill level 1 in Ice Magic
  1796 | D:3      | Reached skill level 1 in Air Magic
  1796 | D:3      | Reached skill level 1 in Earth Magic
  1796 | D:3      | Reached skill level 1 in Poison Magic
  1895 | D:3      | HP: 1/38 [Crazy Yiuf/+4 quarterstaff of chaos (2)]
  1896 | D:3      | Killed Crazy Yiuf
  1896 | D:3      | Succumbed to Crazy Yiuf's poison

Illustrated notes

Levels and vault maps discovered:
D:1:      ldierk_walled_garden_2, layout_loops_ring
D:2:      layout_loops_ring, uniq_terence, uniq_sigmund
D:3:      layout_loops_cross, uniq_crazy_yiuf_cottage

Skill      XL: |  1  2  3  4 |
---------------+-------------+-----
Invocations    | 1 |  1.3
Short Blades   | 1 |  1.2
Long Blades    | 1 |  1.2
Axes           | 1 |  1.2
Maces & Flails | 1 |  1.2
Polearms       | 1 |  1.2
Staves         | 1 |  1.2
Ranged Weapons | 1 |  1.2
Throwing       | 1 |  1.2
Armour         | 1 |  1.2
Dodging        | 1 |  1.2
Unarmed Combat | 1 |  1.2
Conjurations   | 1 |  1.0
Hexes          | 1 |  1.0
Summonings     | 1 |  1.0
Necromancy     | 1 |  1.0
Translocations | 1 |  1.0
Transmutations | 1 |  1.0
Fire Magic     | 1 |  1.0
Ice Magic      | 1 |  1.0
Air Magic      | 1 |  1.0
Earth Magic    | 1 |  1.0
Poison Magic   | 1 |  1.0
Fighting       | |  4.6
Stealth        | |  4.3
Shields        | |  4.6
Spellcasting   | |  7.2
Evocations     | |  2.8

Action                     |  1- 3 |  4- 6 || total
---------------------------+-------+-------++-------
  Melee: Dagger            |    56 |     4 ||    60
         Bite              |     6 |     3 ||     9
         Unarmed           |       |     4 ||     4
   Cast: Sting             |    29 |    18 ||    47
         Spider Form       |       |     1 ||     1
    Use: Potion            |       |     3 ||     3
         Scroll            |       |     1 ||     1
   Stab: Sleeping          |     2 |       ||     2
 Armour: Robe              |    14 |       ||    14
  Dodge: Dodged            |    43 |     7 ||    50
  Block: Buckler           |    25 |     3 ||    28
